[Event "German Championship Women 2022"]
[Site "Magdeburg"]
[Date "2022.08.16"]
[Round "4.3"]
[White "Birkholz, Olga"]
[Black "Bazzazi, Elnaz"]
[Result "1-0"]
[ECO "D02"]
[WhiteElo "2002"]
[BlackElo "1766"]
[Annotator "TA"]
[PlyCount "201"]
[EventDate "2022.08.14"]
[EventType "swiss"]
[EventCountry "GER"]
[SourceTitle "playchess.com"]
[Source "ChessBase"]
[SourceQuality "1"]
[TimeControl "40/5400+30:1800+30"]

1. Nf3 d5 2. d4 Nf6 3. Bf4 e6 4. Nbd2 c5 5. e3 Nc6 6. c3 b6 7. Bd3 {[%emt 0:03:24] D02: 1 d4 d5 2 Nf3 sidelines, including 2...Nf6 3 g3 and 2...Nf6 3 Bf4.} Bd6 8. Ne5 {[%emt 0:12:39] [#]} Ne7 $146 ({Predecessor:} 8... Bb7 9. Nxc6 Bxc6 10. Bxd6 Qxd6 11. f4 O-O 12. Qf3 a6 13. g4 Bb5 14. Bc2 cxd4 15. exd4 {0-1 (35) Mollo,J (2073)-Devanshi,R (1559) Tornelo INT 2021}) 9. Bb5+ {[%emt 0:03:04] White is slightly better.} Kf8 10. Qf3 Qc7 {[%emt 0:04:28] [#]} (10... Ng6 $14) 11. Bd3 (11. Ndc4 $1 $18 dxc4 12. Qxa8 cxd4 13. cxd4 (13. exd4 g5 $18)) 11... Ng6 (11... Bb7 $11 {should be considered.}) 12. Bxg6 $14 {[%emt 0:03:04] 0x0.0002db04a6ebdp-1022s more active pieces. The black rooks are badly placed.} hxg6 13. g4 (13. Ndc4 $1 $14 Bxe5 14. Nxe5) 13... Bxe5 14. Bxe5 Qe7 15. O-O-O Bb7 16. Qg3 (16. h4 {with more complications.} Nd7 17. Nc4 Kg8 18. Bd6) 16... Qd7 17. f3 Qc6 18. Bxf6 gxf6 19. Qf4 (19. h4 $14 {deserves consideration.}) 19... Ke7 20. g5 (20. h4 $11) 20... fxg5 $15 21. Qxg5+ Ke8 ({Don't play} 21... Kd7 22. dxc5 Rh5 23. Qf6 $11) 22. Rde1 Kd7 23. Qf6 Raf8 24. h4 Qd6 25. Reg1 Qe7 26. Qf4 Qd6 (26... cxd4 $15 27. Qxd4 Kc8) 27. Qg4 (27. Qf6 $11) 27... Rh5 28. f4 Ba6 29. Nf3 Ke7 30. Ne5 {[%emt 0:00:21] Inhibits Bd3.} Bc4 31. Kc2 Bb5 32. Qf3 Rfh8 33. Qf2 Be8 34. Rg5 R5h6 35. Nf3 (35. Qg3 $11) 35... f6 36. Rgg1 c4 37. Kc1 Rh5 38. Re1 Kd8 (38... b5 $15) 39. Rhg1 (39. Nd2 $11) 39... Qf8 (39... b5 $15) 40. Qg3 Qd6 41. Re2 Rg8 42. Reg2 Rgh8 43. Qe1 (43. Re2 $11) 43... Qc6 44. Re2 $1 Qd6 45. Qd2 R5h6 46. Reg2 Qc6 47. Qc2 R8h7 48. Rd1 Qa4 49. Qxa4 Bxa4 50. Rdg1 Be8 51. b3 Rg7 52. Kd2 ({White should try} 52. bxc4 $11 Rc7 53. c5 (53. cxd5 Rxc3+ 54. Kd2 Ra3 $11)) 52... b5 53. Rb1 Kc7 54. Ke1 Kb6 55. Kf2 (55. bxc4 $11 dxc4 56. a4) 55... Bc6 (55... cxb3 $17 56. axb3 Rc7) 56. Rbg1 Be8 (56... a6 $15) 57. bxc4 dxc4 58. Rh2 (58. e4 $11) 58... a5 (58... Bc6 $15 {was preferrable.}) 59. Nd2 g5 60. Rg4 Rh5 (60... Rhh7 {is more complex.} 61. a4 Bh5 62. Rgg2 gxf4 63. exf4 bxa4 64. Nxc4+ Kb5) 61. fxg5 fxg5 62. Kg3 $2 {[%emt 0:00:11] [#]} (62. Ne4 $11) 62... gxh4+ $1 $17 63. Rhxh4 Rxg4+ 64. Kxg4 {[%emt 0:00:20][%mdl 4096] Endgame KRB-KRN} Rf5 (64... Rxh4+ $17 65. Kxh4 Kc7) 65. Rh6 $11 Bd7 66. Kg3 Kc6 67. e4 Rf8 68. Nf3 (68. a3 $5 ) 68... b4 69. Ne5+ Kc7 70. cxb4 {[%emt 0:01:23] Strongly threatening Rh7.} c3 {[%emt 0:01:03] Threatens to win with ...Bb5.} 71. Nxd7 Kxd7 72. bxa5 {[%emt 0:00:23] KR-KR} c2 73. Rh1 {[%emt 0:00:11] next Rc1 is good for White.} Rc8 (73... e5 $11 {remains equal.} 74. dxe5 Rb8) 74. Rc1 $16 Rc3+ 75. Kf4 Rc6 $2 (75... Kd6 $16) 76. Ke3 $18 Rc3+ 77. Kd2 Ra3 78. Rxc2 Rxa5 79. Ke3 $2 (79. Kc3 $18 {and the rest is easy.}) 79... Kd6 $2 (79... Ra3+ $16 80. Kf4 Kd6) 80. e5+ Kd7 81. Ke4 Ra3 82. Rd2 Ra4 83. Kd3 Kc6 84. Rc2+ Kd7 85. Kc3 Ra8 86. Rh2 $2 (86. Kc4 $18 Rc8+ 87. Kd3) 86... Kc6 $1 $14 87. Rb2 Ra5 $2 (87... Kd5 $14) 88. Rc2 $18 {[%emt 0:01:04] Kb4+ would kill now.} Ra8 89. Kd3+ Kd7 90. Ke4 Ra3 $1 91. Rh2 {[%emt 0:00:13] Kf4 is the strong threat.} Kc6 $2 (91... Ra4 92. Kd3 Kc7) 92. Rh6 $2 (92. Rh7 $18 {is more deadly. Black must now prevent Re7.} Rg3 93. Re7) 92... Kd7 $16 93. Rh7+ Kc6 $2 (93... Ke8 $16) 94. Re7 $18 Rxa2 95. Rxe6+ Kd7 96. Rh6 (96. Rd6+ $142 Ke7 97. Rh6 Ra4 98. Rh7+ Ke6 99. Rb7 Rc4 100. Rb6+ Kd7 101. e6+ Kc7 102. Ra6) 96... Re2+ 97. Kd5 {[%emt 0:00:11] White mates.} Ra2 98. Rh7+ Ke8 99. Ke6 Ra6+ 100. Kf5 Ra1 101. d5 {[%emt 0:00:23] Weighted Error Value: White=0.28 (precise) /Black=0.25 (precise)} 1-0

[Event "German Championship Women 2022"]
[Site "Magdeburg"]
[Date "2022.08.16"]
[Round "4.4"]
[White "Moenster, Madita"]
[Black "Zhou, Lepu Coco"]
[Result "1-0"]
[ECO "B40"]
[WhiteElo "1864"]
[BlackElo "1986"]
[Annotator "NA RC"]
[PlyCount "73"]
[EventDate "2022.08.14"]
[EventType "swiss"]
[EventCountry "GER"]
[SourceTitle "playchess.com"]
[Source "ChessBase"]
[SourceQuality "1"]
[TimeControl "40/5400+30:1800+30"]

1. e4 c5 2. Nf3 e6 3. d4 cxd4 4. Nxd4 Nf6 5. Nc3 Nc6 6. Nxc6 bxc6 7. e5 Nd5 8. Ne4 Qc7 9. f4 Qb6 10. c4 Bb4+ 11. Ke2 f5 12. Nf2 Ne7 13. Nd3 Bc5 14. Nxc5 Qxc5 15. b3 Ba6 16. Be3 Qa5 17. Kf2 Qc7 18. Be2 g5 19. g3 gxf4 20. gxf4 Ng6 21. h4 Rg8 22. h5 Ne7 23. Qd6 Qxd6 24. exd6 Nc8 25. Rhg1 Rxg1 26. Rxg1 Kf7 27. c5 Bxe2 28. Kxe2 a5 29. Bd4 a4 30. Rg7+ Kf8 31. Rxd7 axb3 32. axb3 Na7 33. Rxh7 Nb5 34. Rh8+ Kf7 35. Rxa8 Nxd4+ 36. Ke3 e5 37. fxe5 1-0

[Event "German Championship Women 2022"]
[Site "Magdeburg"]
[Date "2022.08.16"]
[Round "4.5"]
[White "Falke, Ornella"]
[Black "Basovskiy, Jana"]
[Result "1-0"]
[ECO "A05"]
[WhiteElo "1912"]
[BlackElo "1867"]
[Annotator "NA RC"]
[PlyCount "99"]
[EventDate "2022.08.14"]
[EventType "swiss"]
[EventCountry "GER"]
[SourceTitle "playchess.com"]
[Source "ChessBase"]
[SourceQuality "1"]
[TimeControl "40/5400+30:1800+30"]

1. Nf3 Nf6 2. c4 Nc6 3. d4 e6 4. a3 d6 5. Nc3 g6 6. g3 Bg7 7. Bg2 O-O 8. O-O Re8 9. e3 d5 10. Qe2 Na5 11. Nd2 Nxc4 12. Nxc4 dxc4 13. Qxc4 c6 14. Rd1 Qe7 15. e4 h6 16. h3 Bd7 17. Be3 Rad8 18. b4 a6 19. f4 Bc8 20. Rac1 Qc7 21. Bf2 Qb8 22. Kh2 h5 23. e5 Nd5 24. Ne4 h4 25. Qe2 hxg3+ 26. Bxg3 Bf8 27. Qg4 Be7 28. Rd3 Kg7 29. Qe2 Rh8 30. Ng5 Bxg5 31. fxg5 Qa7 32. Qf2 Kg8 33. Rf1 Rh7 34. Be4 b5 35. Rf3 Qe7 36. h4 Bb7 37. Kg2 Rg7 38. h5 gxh5 39. Bh4 Rf8 40. g6 Qd7 41. Kh2 Qc7 42. Kh3 c5 43. bxc5 a5 44. Bf6 Nxf6 45. exf6 Rxg6 46. Bxg6 Bxf3 47. Bxh5 Bxh5 48. Qh4 Rd8 49. Qxh5 Rxd4 50. Rg1+ 1-0

[Event "German Championship Women 2022"]
[Site "Magdeburg"]
[Date "2022.08.16"]
[Round "4.6"]
[White "Storkebaum, Ulrike"]
[Black "Fock, Sana"]
[Result "0-1"]
[ECO "B92"]
[WhiteElo "1768"]
[BlackElo "1807"]
[Annotator "NA RC"]
[PlyCount "88"]
[EventDate "2022.08.14"]
[EventType "swiss"]
[EventCountry "GER"]
[SourceTitle "playchess.com"]
[Source "ChessBase"]
[SourceQuality "1"]
[TimeControl "40/5400+30:1800+30"]

1. e4 c5 2. Nf3 d6 3. d4 cxd4 4. Nxd4 Nf6 5. Nc3 a6 6. Be2 e5 7. Nf3 Be7 8. Bg5 Be6 9. O-O h6 10. Bxf6 Bxf6 11. Nd5 Be7 12. c4 Nd7 13. Nd2 O-O 14. b4 Rc8 15. Nxe7+ Qxe7 16. Rc1 Rfd8 17. a4 b6 18. f4 exf4 19. Rxf4 Ne5 20. Qf1 b5 21. axb5 axb5 22. cxb5 Qa7+ 23. Kh1 Rxc1 24. Qxc1 Qe3 25. Rf1 Qxe2 26. Qc7 Rc8 27. Qxd6 Qxb5 28. Ra1 Nc4 29. Nxc4 Qxc4 30. e5 Qc1+ 31. Qd1 Qg5 32. Qd4 Rc1+ 33. Rxc1 Qxc1+ 34. Qg1 Qxg1+ 35. Kxg1 Bd7 36. Kf2 Kf8 37. Ke3 Ke7 38. g3 Ke6 39. Ke4 Bc6+ 40. Kd4 Bb7 41. b5 g6 42. b6 Bd5 43. h3 Bb7 44. h4 h5 0-1

[Event "German Championship Women 2022"]
[Site "Magdeburg"]
[Date "2022.08.16"]
[Round "4.7"]
[White "Wartenberg, Alissa"]
[Black "Bluebaum, Johanna"]
[Result "0-1"]
[ECO "C11"]
[WhiteElo "1632"]
[BlackElo "2013"]
[Annotator "NA RC"]
[PlyCount "93"]
[EventDate "2022.08.14"]
[EventType "swiss"]
[EventCountry "GER"]
[SourceTitle "playchess.com"]
[Source "ChessBase"]
[SourceQuality "1"]
[TimeControl "40/5400+30:1800+30"]

1. e4 e6 2. d4 d5 3. Nc3 Nf6 4. e5 Nfd7 5. Nce2 c5 6. c3 Nc6 7. Nf3 Qb6 8. Qc2 Be7 9. Be3 cxd4 10. cxd4 f6 11. exf6 Nxf6 12. a3 O-O 13. Nf4 Bd7 14. Bd3 Qa5+ 15. Bd2 Nb4 16. Bxb4 Bxb4+ 17. Ke2 Bd6 18. g3 Bxf4 19. gxf4 Bb5 20. b4 Qb6 21. Rhg1 Rac8 22. Qb3 Ne4 23. Rac1 Qa6 24. Ne5 Rxc1 25. Rxc1 Rxf4 26. Rc8+ Rf8 27. Rxf8+ Kxf8 28. Nd7+ Ke7 29. Nc5 Nxc5 30. dxc5 Bxd3+ 31. Qxd3 Qxd3+ 32. Kxd3 e5 33. f3 g5 34. h3 Kd7 35. a4 a6 36. b5 axb5 37. axb5 h5 38. Ke3 Ke6 39. Kd3 d4 40. Kc4 h4 41. Kb3 Kd5 42. Kb4 d3 43. c6 bxc6 44. bxc6 Kxc6 45. Kc3 e4 46. fxe4 g4 47. Kd4 0-1

[Event "German Championship Women 2022"]
[Site "Magdeburg"]
[Date "2022.08.16"]
[Round "4.8"]
[White "Just, Anita"]
[Black "Voigt, Anastasia"]
[Result "1-0"]
[ECO "C44"]
[WhiteElo "1905"]
[BlackElo "1694"]
[Annotator "NA RC"]
[PlyCount "79"]
[EventDate "2022.08.14"]
[EventType "swiss"]
[EventCountry "GER"]
[SourceTitle "playchess.com"]
[Source "ChessBase"]
[SourceQuality "1"]
[TimeControl "40/5400+30:1800+30"]

1. e4 e5 2. Nf3 Nc6 3. d4 exd4 4. Nxd4 Nf6 5. Nxc6 bxc6 6. Bd3 d5 7. exd5 cxd5 8. O-O Be7 9. Nc3 O-O 10. Bg5 h6 11. Bh4 Bb7 12. Re1 d4 13. Bxf6 Bxf6 14. Ne4 Be7 15. Ng3 g6 16. Qg4 Kh7 17. f4 Bf6 18. f5 g5 19. Nh5 Kh8 20. Re2 Qd6 21. Rae1 Bd5 22. Nxf6 Qxf6 23. Re5 Bc6 24. Qxd4 Rae8 25. Qc3 Rxe5 26. Rxe5 Kg7 27. Rc5 Bd7 28. Rxc7 Qxc3 29. Rxc3 Kf6 30. Rc7 Bxf5 31. Bxf5 Kxf5 32. Rxa7 f6 33. Kf2 Rd8 34. Ke2 Ke4 35. Ra4+ Ke5 36. Ke3 Rd1 37. Ra5+ Ke6 38. Rc5 Rb1 39. b3 Rb2 40. a4 1-0

[Event "German Championship Women 2022"]
[Site "Magdeburg"]
[Date "2022.08.16"]
[Round "4.9"]
[White "Halas, Julia"]
[Black "Mekus, Manuela"]
[Result "1-0"]
[ECO "E90"]
[WhiteElo "2012"]
[BlackElo "1638"]
[Annotator "NA RC"]
[PlyCount "67"]
[EventDate "2022.08.14"]
[EventType "swiss"]
[EventCountry "GER"]
[SourceTitle "playchess.com"]
[Source "ChessBase"]
[SourceQuality "1"]
[TimeControl "40/5400+30:1800+30"]

1. d4 Nf6 2. c4 g6 3. Nc3 Bg7 4. e4 d6 5. Nf3 Nbd7 6. Be2 O-O 7. Be3 e5 8. O-O Qe7 9. d5 c5 10. Qc2 h6 11. a3 b6 12. b4 a6 13. Rab1 Rb8 14. Nd2 Ng4 15. Bxg4 f5 16. exf5 Nf6 17. Be2 Bxf5 18. Nde4 Nxe4 19. Nxe4 Qh4 20. f3 Qe7 21. Bd3 h5 22. Bg5 Qd7 23. Ng3 Bxd3 24. Qxd3 Qf7 25. Ne4 Qf5 26. Be7 Rf7 27. Bxd6 Rd8 28. bxc5 bxc5 29. Bxc5 h4 30. Rb3 Bf8 31. Bxf8 Rfxf8 32. Nc5 Qxd3 33. Nxd3 Rde8 34. Re1 1-0

[Event "German Championship Women 2022"]
[Site "Magdeburg"]
[Date "2022.08.16"]
[Round "4.11"]
[White "Perez Celis, Alba"]
[Black "Peglau, Dora"]
[Result "0-1"]
[ECO "B13"]
[WhiteElo "1816"]
[BlackElo "1920"]
[Annotator "NA RC"]
[PlyCount "52"]
[EventDate "2022.08.14"]
[EventType "swiss"]
[EventCountry "GER"]
[SourceTitle "playchess.com"]
[Source "ChessBase"]
[SourceQuality "1"]
[TimeControl "40/5400+30:1800+30"]

1. e4 c6 2. d4 d5 3. exd5 cxd5 4. Bd3 Nf6 5. c3 Nc6 6. Bf4 Bg4 7. Qb3 Qd7 8. Nd2 e6 9. Ngf3 Bd6 10. Bg5 Bh5 11. O-O Bg6 12. Bb5 O-O 13. Bxf6 gxf6 14. Nh4 a6 15. Nxg6 hxg6 16. Bd3 b5 17. Rae1 b4 18. Qd1 bxc3 19. bxc3 Kg7 20. f4 Qc7 21. Qg4 Rh8 22. Rxe6 Qd7 23. Bf5 Ne7 24. Rxf6 Nxf5 25. Rxd6 Qxd6 26. Qf3 Qe6 0-1

[Event "German Championship Women 2022"]
[Site "Magdeburg"]
[Date "2022.08.16"]
[Round "4.12"]
[White "Petersen, Sophie"]
[Black "Peglau, Sarah"]
[Result "1-0"]
[ECO "B13"]
[WhiteElo "1597"]
[BlackElo "1782"]
[Annotator "NA RC"]
[PlyCount "55"]
[EventDate "2022.08.14"]
[EventType "swiss"]
[EventCountry "GER"]
[SourceTitle "playchess.com"]
[Source "ChessBase"]
[SourceQuality "1"]
[TimeControl "40/5400+30:1800+30"]

1. e4 c6 2. d4 d5 3. exd5 cxd5 4. Bd3 Nf6 5. Bf4 Qb6 6. Nc3 Nc6 7. Nb5 e5 8. dxe5 Ng4 9. Qe2 Bc5 10. Nd6+ Kf8 11. Nxc8 Qxb2 12. Rc1 Nxf2 13. Nd6 Nxh1 14. Qh5 Bxd6 15. exd6 Qb4+ 16. Bd2 Qxd6 17. Ne2 Re8 18. Kf1 Qc5 19. Qf3 Re6 20. g3 Rf6 21. Nf4 g5 22. Qxh1 gxf4 23. gxf4 Ne5 24. Rb1 Nxd3 25. cxd3 Qc2 26. Bb4+ Kg8 27. Qg2+ Rg6 28. Qxc2 1-0

[Event "German Championship Women 2022"]
[Site "Magdeburg"]
[Date "2022.08.16"]
[Round "4.13"]
[White "Spiel, Marianne"]
[Black "Heil, Marina"]
[Result "1/2-1/2"]
[ECO "B00"]
[WhiteElo "1893"]
[BlackElo "1926"]
[Annotator "NA RC"]
[PlyCount "92"]
[EventDate "2022.08.14"]
[EventType "swiss"]
[EventCountry "GER"]
[SourceTitle "playchess.com"]
[Source "ChessBase"]
[SourceQuality "1"]
[TimeControl "40/5400+30:1800+30"]

1. e4 d6 2. d4 Nf6 3. Bd3 e5 4. Nf3 Nbd7 5. c3 c6 6. O-O Be7 7. Bg5 h6 8. Bh4 Qc7 9. Nbd2 g5 10. Bg3 Nh5 11. Nc4 Nf4 12. Bc2 h5 13. Ne3 g4 14. Nh4 Ng6 15. Nxg6 fxg6 16. f4 exf4 17. Bxf4 Nf8 18. e5 d5 19. Qb1 g5 20. Bg6+ Kd8 21. Bg3 Be6 22. Bf5 Qd7 23. Bxe6 Nxe6 24. Rf7 h4 25. Be1 Rf8 26. Rxf8+ Nxf8 27. Nf5 Ne6 28. Nxe7 Qxe7 29. Qf5 Kd7 30. Qxg4 Rf8 31. Bd2 Qf7 32. Be3 Qg6 33. Qe2 Qe4 34. Re1 Qg6 35. Bc1 g4 36. Rf1 Rg8 37. Qf2 Rf8 38. Qe1 Rh8 39. Rf6 Qc2 40. Qf1 a6 41. Rf2 Qe4 42. Re2 Qh7 43. Rf2 Qe4 44. Rf7+ Kc8 45. Rf6 Kd7 46. Rf7+ Kc8 1/2-1/2

[Event "German Championship Women 2022"]
[Site "Magdeburg"]
[Date "2022.08.17"]
[Round "5.1"]
[White "Schulze, Lara"]
[Black "Kunze, Kerstin"]
[Result "1-0"]
[ECO "B06"]
[WhiteElo "2292"]
[BlackElo "2020"]
[Annotator "NA RC"]
[PlyCount "59"]
[EventDate "2022.08.14"]
[EventType "swiss"]
[EventCountry "GER"]
[SourceTitle "playchess.com"]
[Source "ChessBase"]
[SourceQuality "1"]
[TimeControl "40/5400+30:1800+30"]

1. e4 g6 2. d4 Bg7 3. Nf3 d6 4. Be3 c6 5. Bd3 Bg4 6. Nbd2 Qc7 7. h3 Bxf3 8. Nxf3 Nd7 9. O-O Ngf6 10. c3 e5 11. dxe5 dxe5 12. Qc2 O-O 13. a4 c5 14. Bc4 Nb6 15. Be2 Nh5 16. Rfd1 Nf4 17. Bf1 a5 18. Nd2 Qe7 19. Qb3 Qc7 20. Qb5 Rfc8 21. Nc4 Nxc4 22. Bxc4 Qe7 23. Rd7 Qg5 24. Bxf4 exf4 25. Rxf7 Kh8 26. Rd1 Rf8 27. Rxf8+ Rxf8 28. f3 Rd8 29. Rd5 Qh4 30. Kf1 1-0

[Event "German Championship Women 2022"]
[Site "Magdeburg"]
[Date "2022.08.17"]
[Round "5.2"]
[White "Falke, Ornella"]
[Black "Voicu-Jagodzinsky, Carmen"]
[Result "1-0"]
[ECO "B29"]
[WhiteElo "1912"]
[BlackElo "2258"]
[Annotator "NA RC"]
[PlyCount "81"]
[EventDate "2022.08.14"]
[EventType "swiss"]
[EventCountry "GER"]
[SourceTitle "playchess.com"]
[Source "ChessBase"]
[SourceQuality "1"]
[TimeControl "40/5400+30:1800+30"]

1. e4 c5 2. Nf3 Nf6 3. e5 Nd5 4. Nc3 Nxc3 5. dxc3 Nc6 6. Bf4 e6 7. Qd3 Qc7 8. h4 b6 9. O-O-O Bb7 10. Kb1 h6 11. g4 O-O-O 12. Bg3 Na5 13. Be2 c4 14. Qd2 Bd5 15. Rhe1 d6 16. Qe3 Nc6 17. Bf1 dxe5 18. Nxe5 Nxe5 19. Bxe5 Qc6 20. f4 f6 21. Bd4 Be7 22. Bh3 Rd6 23. g5 hxg5 24. hxg5 Kb7 25. Rd2 a5 26. Qg3 Ka6 27. a3 Qb7 28. Rde2 Qd7 29. Bg4 Re8 30. Bh5 Rf8 31. Bg4 Rc6 32. f5 e5 33. Bxe5 Bxa3 34. gxf6 gxf6 35. bxa3 fxe5 36. Rxe5 Rc5 37. Qf2 Rg8 38. Bf3 Bxf3 39. Rxc5 Bb7 40. Re6 Rg2 41. Rxa5+ 1-0

[Event "German Championship Women 2022"]
[Site "Magdeburg"]
[Date "2022.08.17"]
[Round "5.3"]
[White "Fock, Sana"]
[Black "Birkholz, Olga"]
[Result "0-1"]
[ECO "C00"]
[WhiteElo "1807"]
[BlackElo "2002"]
[Annotator "NA RC"]
[PlyCount "108"]
[EventDate "2022.08.14"]
[EventType "swiss"]
[EventCountry "GER"]
[SourceTitle "playchess.com"]
[Source "ChessBase"]
[SourceQuality "1"]
[TimeControl "40/5400+30:1800+30"]

1. e4 e6 2. d4 c5 3. c3 Qc7 4. Nf3 b6 5. Bd3 Ba6 6. O-O Be7 7. Bxa6 Nxa6 8. Qe2 Qb7 9. d5 Nc7 10. c4 O-O-O 11. Bf4 d6 12. a4 e5 13. Bd2 a5 14. Ng5 Bxg5 15. Qg4+ Rd7 16. Qxg5 f6 17. Qe3 g5 18. Nc3 h5 19. Ne2 Ne8 20. f3 Nh6 21. Qd3 Ng7 22. Ra3 h4 23. Rb3 Qa6 24. Rb5 Ne8 25. Qb3 Rb7 26. Qd3 Rg7 27. Qb3 Rb7 28. Qd3 Nc7 29. Rb3 Kd7 30. Kh1 Rbb8 31. Rc3 Qc8 32. Rcc1 Qe8 33. Rce1 Qh5 34. Ng1 Qg6 35. Ne2 f5 36. Ng1 Kc8 37. Re2 Kb7 38. Ree1 Ka7 39. Re2 Rbf8 40. Ree1 Rf6 41. Qe3 f4 42. Qe2 Rff8 43. Bc3 g4 44. Qd2 Rhg8 45. b3 h3 46. fxg4 hxg2+ 47. Qxg2 Nxg4 48. h3 Qh6 49. Qf3 Nf6 50. Bd2 Qh4 51. Ne2 Nxe4 52. Rd1 Ng3+ 53. Kh2 Nxe2 54. Qxe2 Rg3 0-1

[Event "German Championship Women 2022"]
[Site "Magdeburg"]
[Date "2022.08.17"]
[Round "5.4"]
[White "Bazzazi, Elnaz"]
[Black "Heil, Marina"]
[Result "1-0"]
[ECO "B23"]
[WhiteElo "1766"]
[BlackElo "1926"]
[Annotator "NA RC"]
[PlyCount "75"]
[EventDate "2022.08.14"]
[EventType "swiss"]
[EventCountry "GER"]
[SourceTitle "playchess.com"]
[Source "ChessBase"]
[SourceQuality "1"]
[TimeControl "40/5400+30:1800+30"]

1. e4 c5 2. Nc3 a6 3. g3 b5 4. Bg2 Bb7 5. d3 e6 6. Nh3 Nf6 7. O-O b4 8. Nb1 d6 9. f4 Qc7 10. Be3 Be7 11. Nd2 O-O 12. g4 d5 13. g5 Nfd7 14. f5 Bd6 15. fxe6 fxe6 16. Qg4 Bxh2+ 17. Kh1 Qd6 18. Rxf8+ Nxf8 19. Rf1 Nbd7 20. Nf4 Bxf4 21. Bxf4 Qe7 22. exd5 exd5 23. Nc4 Qe6 24. Qg3 Ng6 25. Re1 Qf7 26. Bc7 Ne7 27. Nd6 Nf5 28. Nxf5 Qxf5 29. Bh3 d4+ 30. Kg1 Qg6 31. Be6+ Kh8 32. Bxd7 Rf8 33. Bh3 Rf3 34. Qe5 Bc6 35. Qe7 h5 36. Re6 Qf7 37. Qxf7 Rxf7 38. Rxc6 1-0

[Event "German Championship Women 2022"]
[Site "Magdeburg"]
[Date "2022.08.17"]
[Round "5.5"]
[White "Muetsch, Annmarie"]
[Black "Just, Anita"]
[Result "1-0"]
[ECO "A04"]
[WhiteElo "2249"]
[BlackElo "1905"]
[Annotator "NA RC"]
[PlyCount "103"]
[EventDate "2022.08.14"]
[EventType "swiss"]
[EventCountry "GER"]
[SourceTitle "playchess.com"]
[Source "ChessBase"]
[SourceQuality "1"]
[TimeControl "40/5400+30:1800+30"]

1. Nf3 e6 2. g3 f5 3. Bg2 Nf6 4. O-O Be7 5. b3 O-O 6. Bb2 d6 7. d4 Qe8 8. Nbd2 Ne4 9. c4 Nd7 10. Qc2 Ndf6 11. a4 a5 12. Ba3 Bd7 13. Rac1 c6 14. d5 cxd5 15. cxd5 exd5 16. Qd3 Nc5 17. Qb1 Nfe4 18. Bb2 Bf6 19. Bxf6 Rxf6 20. Rfd1 f4 21. Nf1 Qh5 22. gxf4 Rxf4 23. Ng3 Nxg3 24. hxg3 Rf6 25. Rd4 Bf5 26. Rxd5 Qf7 27. Ng5 Qg6 28. e4 Qxg5 29. Rxf5 Rxf5 30. exf5 Rf8 31. Bd5+ Kh8 32. Re1 Qd2 33. Bc4 Qg5 34. Rd1 Qf6 35. Qc2 h6 36. Rd5 Qe7 37. Qd2 Rf6 38. Qxa5 Qf8 39. Qc7 Rxf5 40. Rxf5 Qxf5 41. Qd8+ Kh7 42. Bg8+ Kg6 43. Qxd6+ Kh5 44. Qd4 Ne4 45. Qd5 Qxd5 46. Bxd5 Nc5 47. a5 Kg5 48. Bxb7 Nxb3 49. a6 Nc5 50. a7 Nxb7 51. a8=Q Nd6 52. Qd8+ 1-0

[Event "German Championship Women 2022"]
[Site "Magdeburg"]
[Date "2022.08.17"]
[Round "5.6"]
[White "Bluebaum, Johanna"]
[Black "Braun, Kristin"]
[Result "0-1"]
[ECO "E92"]
[WhiteElo "2013"]
[BlackElo "1897"]
[Annotator "NA RC"]
[PlyCount "82"]
[EventDate "2022.08.14"]
[EventType "swiss"]
[EventCountry "GER"]
[SourceTitle "playchess.com"]
[Source "ChessBase"]
[SourceQuality "1"]
[TimeControl "40/5400+30:1800+30"]

1. d4 Nf6 2. c4 g6 3. Nc3 Bg7 4. e4 d6 5. Nf3 O-O 6. Be2 e5 7. Be3 exd4 8. Nxd4 Re8 9. f3 c6 10. Bf2 d5 11. exd5 cxd5 12. c5 Nc6 13. O-O Nh5 14. Qd2 a6 15. Rfe1 Be5 16. g3 Bh3 17. f4 Bf6 18. Bf3 Be7 19. Nxd5 Nxd4 20. Bxd4 Ng7 21. Nxe7+ Rxe7 22. Rxe7 Qxe7 23. Bxg7 Kxg7 24. Qc3+ Kg8 25. Re1 Qd7 26. Qb4 a5 27. Qxb7 Qd4+ 28. Kh1 Rd8 29. Qe7 Rc8 30. c6 Qxb2 31. Bd5 Rf8 32. Qe2 Qc3 33. Qe3 Qc2 34. Rc1 Qb2 35. c7 Rc8 36. Qc5 Qd2 37. Qc4 Rxc7 38. Bc6 Bg2+ 39. Kg1 Bxc6 40. Rc2 Qe1+ 41. Qf1 Qxf1+ 0-1

[Event "German Championship Women 2022"]
[Site "Magdeburg"]
[Date "2022.08.17"]
[Round "5.7"]
[White "Peglau, Dora"]
[Black "Halas, Julia"]
[Result "1-0"]
[ECO "A48"]
[WhiteElo "1920"]
[BlackElo "2012"]
[Annotator "NA RC"]
[PlyCount "77"]
[EventDate "2022.08.14"]
[EventType "swiss"]
[EventCountry "GER"]
[SourceTitle "playchess.com"]
[Source "ChessBase"]
[SourceQuality "1"]
[TimeControl "40/5400+30:1800+30"]

1. d4 Nf6 2. Nf3 g6 3. Nbd2 d5 4. e3 Bg7 5. b4 O-O 6. Bb2 Nbd7 7. c4 c6 8. Be2 Re8 9. O-O dxc4 10. Nxc4 Nb6 11. a4 Ne4 12. Qc2 Nd6 13. Nfe5 Nd5 14. Ba3 Bf5 15. Bd3 Bxd3 16. Nxd3 Nxc4 17. Qxc4 Nb6 18. Qc2 Nd7 19. Rfd1 e6 20. Rac1 Qg5 21. f4 Qd8 22. b5 cxb5 23. axb5 Nf6 24. Nc5 b6 25. Nb7 Qd5 26. Nd6 Red8 27. e4 Qh5 28. h3 Bf8 29. e5 Nd5 30. Qf2 Qh6 31. Rd3 Qxf4 32. Rf3 Qh6 33. Nxf7 Qg7 34. Nxd8 Bxa3 35. Rxa3 Rxd8 36. Rf3 Qd7 37. Rf1 Qe7 38. Rf7 Qa3 39. Qh4 1-0

[Event "German Championship Women 2022"]
[Site "Magdeburg"]
[Date "2022.08.17"]
[Round "5.8"]
[White "Zhou, Lepu Coco"]
[Black "Petersen, Sophie"]
[Result "1-0"]
[ECO "B51"]
[WhiteElo "1986"]
[BlackElo "1597"]
[Annotator "NA RC"]
[PlyCount "85"]
[EventDate "2022.08.14"]
[EventType "swiss"]
[EventCountry "GER"]
[SourceTitle "playchess.com"]
[Source "ChessBase"]
[SourceQuality "1"]
[TimeControl "40/5400+30:1800+30"]

1. e4 c5 2. Nf3 d6 3. Bb5+ Nd7 4. Ba4 Ngf6 5. O-O e6 6. Re1 Be7 7. c4 O-O 8. d3 Nb6 9. Bc2 d5 10. e5 Ne8 11. cxd5 Nxd5 12. Nc3 Nb4 13. Bb1 b6 14. d4 h6 15. a3 Nd5 16. Nxd5 exd5 17. Bxh6 f5 18. exf6 Rxf6 19. Bg5 Re6 20. Rxe6 Bxe6 21. Qe2 Nc7 22. Bxe7 Qxe7 23. Qd3 Qf6 24. Bc2 c4 25. Qh7+ Kf8 26. Ne5 Ke7 27. f4 Kd6 28. f5 Bg8 29. Qh3 Nb5 30. Qg3 Ke7 31. Re1 Kd8 32. Qe3 Kc8 33. a4 Nc7 34. Ng6 Kb7 35. Qf4 Re8 36. Rxe8 Nxe8 37. Qe3 Nd6 38. g4 Bf7 39. Qe5 Ne8 40. Qxf6 Nxf6 41. Ne5 Bg8 42. g5 Ne8 43. h4 1-0